 Dungeon Crawl Stone Soup version 0.23.2-33-g5129a83184 (webtiles) character file.

Game seed: 15246692487772620582

2611 psyvane the Slinger (level 9, -5/54 HPs)
             Began as a Halfling Hunter on June 30, 2019.
             Was a Believer of Qazlal.
             Slain by a hornet (13 damage)
             ... on level 7 of the Dungeon on July 1, 2019.
             The game lasted 00:26:42 (5947 turns).

psyvane the Slinger (Halfling Hunter)               Turns: 5947, Time: 00:26:43

Health: -5/54      AC:  4    Str: 13    XL:     9   Next: 90%
Magic:  7/11       EV: 14    Int:  9    God:    Qazlal [**....]
Gold:   280        SH: 10    Dex: 18    Spells: 8/8 levels left

rFire    . . .     SeeInvis .   a - +1 hunting sling
rCold    . . .     Gourm    .   g - +0 shield
rNeg     . . .     Faith    .   c - +0 leather armour
rPois    .         Spirit   .   m - +1 hat
rElec    .         Reflect  .   (no cloak)
rCorr    .         Harm     .   (no gloves)
MR       .....                  (no boots)
Stlth    +++.......             p - amulet of the acrobat
HPRegen  0.18/turn              (no ring)
MPRegen  0.12/turn              (no ring)

@: lethally poisoned (-5 -> -6), about to teleport
A: small, mutation resistance 1
a: Upheaval, Renounce Religion


You were on level 7 of the Dungeon.
You worshipped Qazlal.
Qazlal was pleased with you.
You were not hungry.

You visited 1 branch of the dungeon, and saw 8 of its levels.

You collected 280 gold pieces.

Inventory:

Hand Weapons
 a - a +1 hunting sling (weapon)
 b - a +0 short sword
Missiles
 j - 93 stones (quivered)
Armour
 c - a +0 leather armour (worn)
 g - a +0 shield (worn)
 m - a +1 hat (worn)
Jewellery
 p - an amulet of the acrobat (around neck)
Scrolls
 i - 2 scrolls of identify
 l - a scroll of teleportation
 o - 4 scrolls of remove curse
 q - a scroll of fog
 t - 4 scrolls of amnesia
Potions
 d - a potion of haste {unknown}
 e - a potion of brilliance
 k - 2 potions of agility {unknown}
 n - 2 potions of cancellation {unknown}
 r - a potion of mutation {unknown}
 v - 2 potions of berserk rage {unknown}
 w - 2 potions of degeneration {unknown}
Comestibles
 f - 5 rations


   Skills:
 - Level 1.7 Fighting
 - Level 14.0 Slings
 * Level 4.2 Dodging
 * Level 8.3 Stealth
 - Level 0.1 Shields
 * Level 3.5 Invocations


You had 8 spell levels left.
You didn't know any spells.
Your spell library contained the following spells:

 Spells                   Type           Power        Failure   Level  Hunger
 Freeze                   Ice            #...         98%         1    ##.....
 Throw Frost              Conj/Ice       #.....       99%         2    ###....
 Ozocubu's Armour         Chrm/Ice       #.......     100%        3    ####...
 Summon Ice Beast         Ice/Summ       #.......     100%        4    #####..
 Throw Icicle             Conj/Ice       #.......     100%        4    #####..


Dungeon Overview and Level Annotations

Branches:
Dungeon (8/15)             Temple (0/1) D:5
   Lair: D:8-11

Altars:
Elyvilon
Fedhas
Hepliaklqana
Makhleb
Okawaru
Qazlal
Ru
Sif Muna
Trog
Wu Jian
Yredelemnul


Innate Abilities, Weirdness & Mutations

You are small and have problems with some larger weapons.
You are somewhat resistant to further mutation.


Message History

Aim: a hornet (lightly wounded)
You shoot a stone. The stone completely misses the hornet.
The stone barely misses the orc.
Firing (i - inventory)
j - 94 stones (quivered)
Press: ? - help, Shift-Dir - straight line, f/p - hornet
Aim: a hornet (lightly wounded)
You shoot a stone. The stone closely misses the hornet.
The stone barely misses the orc.
You block the hornet's attack.
As you read the scroll of teleportation, it crumbles to dust.
You feel strangely unstable.
You feel your health improve. You block the hornet's attack.
Aiming: Upheaval
Press: ? - help, Dir - move target cursor, p - hornet A blizzard blasts the area with ice!
You feel sick.
The hornet stings you but does no damage.
An ogre comes into view. It is wielding a +0 giant club.
The hornet stings you!
You die...

.. (.............
.. . .............
## .. !...........
[.. ........... .
.. ..........
...#.#.........
...._..☼.......
#.@○...... #
.......y○...... #
...............
...####
.......o.......
.......
...............
.......
...............#
#######
...............#.#
##...
.......)O......#.#
#....
(...(..........
#....


You could see a hornet, an ogre (wandering) and an orc.

Vanquished Creatures
  The ghost of redwoodhats the Chopper, an amateur VSBe of Trog (D:5)
  Sigmund (D:3)
  2 sky beasts (D:6)
  An ogre (D:7)
  2 phantoms
  2 necrophages
  A centaur (D:5)
  A big kobold (D:7)
  3 bullfrogs
  4 scorpions
  A water moccasin skeleton (D:5)
  3 crimson imps (D:5)
  A bullfrog zombie (D:5)
  2 howler monkeys
  A centaur zombie (D:5)
  2 hounds (D:7)
  3 orc wizards (D:4)
  3 iguanas
  3 bullfrog skeletons
  Terence (D:2)
  7 worker ants
  A killer bee zombie (D:5)
  A worker ant zombie (D:6)
  3 hound skeletons
  7 gnolls
  A howler monkey skeleton (D:4)
  8 adders
  An ooze (D:3)
  3 worms
  A dart slug (D:1)
  3 leopard geckos
  28 orcs
  7 giant cockroaches
  10 goblins
  5 hobgoblins
  13 jackals
  10 kobolds
  2 quokkas
  A ball python (D:2)
  8 bats
  2 frilled lizards
  11 rats
171 creatures vanquished.

Notes
Turn   | Place    | Note
-------+----------+-------------------------------------------
     0 | D:1      | psyvane the Halfling Hunter began the quest for the Orb.
     0 | D:1      | Reached XP level 1. HP: 14/14 MP: 1/1
    11 | D:1      | Reached skill level 6 in Slings
    67 | D:1      | Reached XP level 2. HP: 15/19 MP: 2/2
   273 | D:1      | Reached XP level 3. HP: 24/24 MP: 3/3
   614 | D:2      | Found a burning altar of Makhleb.
   614 | D:2      | Noticed a green death
   669 | D:2      | Noticed Terence
   680 | D:2      | Killed Terence
   680 | D:2      | Reached XP level 4. HP: 17/29 MP: 4/4
   920 | D:2      | Found a basalt altar of Yredelemnul.
  1200 | D:3      | Noticed a phantom
  1222 | D:3      | Killed a phantom
  1222 | D:3      | Reached skill level 7 in Slings
  1222 | D:3      | Reached XP level 5. HP: 27/34 MP: 5/5
  1422 | D:3      | Noticed Sigmund
  1429 | D:3      | Killed Sigmund
  1429 | D:3      | Reached skill level 9 in Slings
  1429 | D:3      | Reached skill level 5 in Stealth
  1429 | D:3      | Reached XP level 6. HP: 39/39 MP: 6/6
  1800 | D:3      | Found an iron altar of Okawaru.
  2254 | D:3      | Reached XP level 7. HP: 44/44 MP: 7/7
  2377 | D:4      | Found a deep blue altar of Sif Muna.
  2594 | D:4      | Reached skill level 10 in Slings
  2614 | D:5      | Entered Level 5 of the Dungeon
  2824 | D:4      | Reached XP level 8. HP: 49/49 MP: 8/8
  2846 | D:4      | Found a hazy altar of Hepliaklqana.
  2965 | D:4      | Found a stormy altar of Qazlal.
  2973 | D:4      | Became a worshipper of Qazlal Stormbringer
  3092 | D:4      | Reached skill level 11 in Slings
  3355 | D:5      | Found a runed translucent gate.
  3355 | D:5      | Found a runed translucent gate.
  3355 | D:5      | Found a runed translucent gate.
  3356 | D:5      | Noticed redwoodhats's ghost (amateur VSBe)
  3386 | D:5      | Found a staircase to the Ecumenical Temple.
  3411 | D:5      | Found a white marble altar of Elyvilon.
  3659 | D:5      | Reached skill level 12 in Slings
  3724 | D:5      | Reached * piety under Qazlal
  4059 | D:5      | Killed redwoodhats's ghost
  4059 | D:5      | Reached skill level 13 in Slings
  4078 | D:5      | Reached XP level 9. HP: 28/54 MP: 1/9
  4509 | D:6      | Reached skill level 14 in Slings
  4585 | D:6      | Reached skill level 1 in Invocations
  4944 | D:6      | Found an ornate altar of the Wu Jian Council.
  4946 | D:6      | Found a blossoming altar of Fedhas.
  5269 | D:6      | Reached ** piety under Qazlal
  5399 | D:6      | Found a sacrificial altar of Ru.
  5775 | D:7      | Noticed a hornet
  5920 | D:7      | Paralysed by a hornet for 2 turns
  5924 | D:7      | Found a bloodstained altar of Trog.
  5947 | D:7      | Slain by a hornet

Skill      XL: |  1  2  3  4  5  6  7  8  9 |
---------------+----------------------------+-----
Slings         | 6 7 9 10 13 14 | 14.0
Stealth        | 2 3 4 5 6 8 |  8.3
Invocations    | 3 |  3.5
Dodging        | 4 |  4.2
Fighting       | |  1.7
Shields        | |  0.1

Action                   |  1- 3 |  4- 6 |  7- 9 || total
-------------------------+-------+-------+-------++-------
Melee: Hunting sling     |       |       |     1 ||     1
 Fire: Hunting sling     |    79 |   106 |   629 ||   814
Invok: Upheaval          |       |       |     2 ||     2
  Use: Scroll            |       |     3 |     7 ||    10
       Potion            |       |       |     4 ||     4
  Eat: Chunk             |       |     2 |     9 ||    11
       Ration            |       |       |     1 ||     1
Armor: Leather armour    |     2 |     1 |    34 ||    37
Dodge: Dodged            |    15 |     8 |    71 ||    94
Block: Shield            |     6 |     4 |    78 ||    88
